 Dungeon Crawl Stone Soup version 0.21.0-3-g78d12a8 (webtiles) character file.

31090 theanonym the Summoner (level 13, -4/103 HPs)
             Began as a Barachi Summoner on Jan 12, 2018.
             Was an Elder of Sif Muna.
             Shot with a bolt by an orc warrior (28 damage)
             ... on level 2 of the Orcish Mines.
             The game lasted 02:00:36 (29674 turns).

theanonym the Summoner (Barachi Summoner)          Turns: 29674, Time: 02:00:37

Health: -4/103     AC:  8    Str: 10    XL:     13   Next: 55%
Magic:  2/25       EV: 23    Int: 35    God:    Sif Muna [****..]
Gold:   920        SH:  5    Dex: 12    Spells: 2/28 levels left

rFire    . . .     SeeInvis .   a - +0 trident
rCold    . . .     Gourm    .   E - +0 buckler
rNeg     . . .     Faith    .   C - +0 leather armour of Umeodaunt {+Blink rElec Int+4, 4} (curse)
rPois    .         Spirit   .   j - +1 helmet {Int+3}
rElec    +         Reflect  .   I - +1 cloak
rCorr    .         Harm     .   (no gloves)
MR       .....                  (no boots)
Stlth    ++........             P - amulet of magic regeneration
HPRegen  0.27/turn              x - +5 ring of evasion
MPRegen  0.44/turn              J - ring of Ducsin {EV+4 Int+7}

@: studying Unarmed Combat, divine energy, slow
A: +LOS, swims, slowness 1, strong legs 2
a: Hop, Stop Divine Energy, Channel Magic, Forget Spell, Renounce Religion,
Evoke Blink


Innate Abilities, Weirdness & Mutations

Shadows flee at your approach. (+LOS)
You can swim through water.
You cover ground slowly.
You can hop long distances.


   Skills:
 - Level 10.0 Fighting
 - Level 1.8 Maces & Flails
 + Level 6.7 Polearms
 - Level 5.0 Armour
 - Level 5.7 Dodging
 - Level 1.7 Stealth
 - Level 4.0 Shields
 - Level 8.0 Spellcasting
 * Level 14.8 Summonings
 - Level 2.6 Translocations
 - Level 9.6 Ice Magic
 - Level 5.0 Air Magic
 - Level 6.0 Invocations


You had 2 spell levels left.
You knew the following spells:

 Your Spells              Type           Power        Failure   Level  Hunger
a - Summon Small Mammal   Summ           ####         0%          1    None
b - Summon Horrible Thin  Summ           #######...   52%         8    #######
c - Summon Ice Beast      Ice/Summ       #######.     1%          4    None
d - Summon Lightning Spi  Summ/Air       ######..     1%          4    None
e - Summon Hydra          Summ           #######...   8%          7    ######.
g - Blink                 Tloc           N/A          1%          2    None

Skill      XL: |  1  2  3  4  5  6  7  8  9 10 11 12 13 |
---------------+----------------------------------------+-----
Summonings     | 5 6 7 8 9 10 13 14 | 14.8
Ice Magic      | 2 3 4 6 7 8 9 |  9.6
Spellcasting   | 3 4 5 6 7 8 |  8.0
Armour         | 1 4 5 |  5.0
Dodging        | 5 |  5.7
Fighting       | 5 8 10 | 10.0
Air Magic      | 4 5 |  5.0
Invocations    | 4 6 |  6.0
Maces & Flails | 1 |  1.8
Translocations | 2 |  2.6
Polearms       | 2 4 6 |  6.7
Shields        | 4 |  4.0
Stealth        | |  1.7

Action                   |  1- 3 |  4- 6 |  7- 9 | 10-12 | 13-15 || total
-------------------------+-------+-------+-------+-------+-------++-------
Melee: Unarmed           |    26 |       |       |       |       ||    26
       Whip              |   106 |    17 |       |    38 |       ||   161
       Flail             |       |    82 |   118 |       |       ||   200
       Trident           |       |       |   370 |   444 |   221 ||  1035
 Cast: Summon Small Mamm |     7 |     1 |       |       |       ||     8
       Call Imp          |    21 |    21 |    17 |     6 |       ||    65
       Summon Ice Beast  |       |     8 |    61 |   168 |    63 ||   300
       Summon Lightning  |       |       |     9 |    43 |    17 ||    69
       Blink             |       |       |       |    31 |     1 ||    32
       Summon Hydra      |       |       |       |     7 |     5 ||    12
Invok: Divine Energy     |       |       |     1 |       |       ||     1
       Channel Magic     |       |       |       |     4 |       ||     4
 Abil: Hop               |     1 |     3 |     6 |    11 |     2 ||    23
Evoke: Wand              |       |       |       |     5 |     2 ||     7
  Use: Potion            |       |     1 |     3 |     4 |       ||     8
       Scroll            |       |     7 |    13 |    11 |     1 ||    32
 Stab: Sleeping          |     4 |     2 |     2 |     1 |       ||     9
       Distracted        |     1 |     1 |     1 |     7 |     6 ||    16
  Eat: Chunk             |     6 |    10 |    13 |    30 |     9 ||    68
       Ration            |       |     2 |     8 |    11 |       ||    21
Armor: Robe              |    46 |    19 |       |       |       ||    65
       Leather armour    |       |     1 |   174 |   116 |    19 ||   310
       Skin              |       |       |    14 |       |       ||    14
Dodge: Dodged            |    95 |    96 |   375 |   410 |   181 ||  1157
Block: Buckler           |       |       |       |    12 |    44 ||    56

Inventory:

Hand Weapons
 a - a +0 trident (weapon)
   (You bought it in a shop on level 6 of the Dungeon)
 b - the +8 whip "Snakebite" {curare, rPois}
   (You found it on level 2 of the Lair of Beasts)

   It poisons the flesh of those it strikes.
   It protects you from poison.
Armour
 j - a +1 helmet of intelligence (worn)
   (You bought it in a shop on level 9 of the Dungeon)
 C - the cursed +0 leather armour of Umeodaunt (worn) {+Blink rElec Int+4, 4}
   (You found it on level 7 of the Dungeon)

   It affects your intelligence (+4).
   It insulates you from electricity.
   It lets you blink.
   It has a curse placed upon it.
 E - a +0 buckler (worn)
   (You found it on level 5 of the Lair of Beasts)
 I - a +1 cloak (worn)
   (You found it on level 3 of the Lair of Beasts)
 M - a +1 ring mail of fire resistance {7}
   (You found it on level 5 of the Lair of Beasts)
Jewellery
 n - an uncursed ring of protection from fire {rF+}
   (You took it off a kobold on level 9 of the Dungeon)
 x - a +5 ring of evasion (left hand)
   (You found it on level 5 of the Lair of Beasts)
 H - an uncursed ring of protection from fire {rF+}
   (You found it on level 3 of the Lair of Beasts)
 J - the ring of Ducsin (right hand) {EV+4 Int+7}
   (You bought it in a shop on level 1 of the Orcish Mines)

   [ring of evasion]

   It affects your evasion (+4).
   It affects your intelligence (+7).
 P - an amulet of magic regeneration (around neck)
   (You found it in a labyrinth)
Wands
 d - a wand of digging (14)
   (You found it in a labyrinth)
 s - a wand of enslavement (26)
   (You found it on level 5 of the Dungeon)
 u - a wand of flame (65)
   (You found it on level 5 of the Dungeon)
 v - a wand of acid (17)
   (You found it on level 1 of the Lair of Beasts)
 L - a wand of paralysis (7)
   (You found it on level 2 of the Lair of Beasts)
Scrolls
 f - 2 scrolls of fog
 k - a scroll of fear
 m - 2 scrolls of immolation
 p - 2 scrolls of enchant armour
 r - 5 scrolls of identify
 t - a scroll of teleportation {!r}
 B - 3 scrolls of amnesia
 D - 3 scrolls of remove curse
 F - 3 scrolls of noise
 N - 4 scrolls of enchant weapon
Potions
 c - 3 potions of magic
 g - 6 potions of haste
 h - 4 potions of might
 i - a potion of cancellation
 l - 4 potions of lignification
 o - 2 potions of ambrosia
 q - 2 potions of heal wounds
 w - 5 potions of curing
 G - 3 potions of flight
 O - a potion of mutation
Books
 y - the Catalogue of Toxic Necromancy
   (You found it on level 7 of the Dungeon)

   Spells                             Type                      Level
   a - Poisonous Vapours              Poison/Air                   2
   b - Vampiric Draining              Necromancy                   3
   c - Animate Dead                   Necromancy                   4
   d - Excruciating Wounds            Charms/Necromancy            5
   e - Dispel Undead                  Necromancy                   5
 z - a book of the Earth
   (You found it on level 1 of the Lair of Beasts)
 A - Sif Muna's Handbook of Creative Arcane Weapons {god gift}
   (Sif Muna gifted it to you on level 5 of the Lair of Beasts)

   Spells                             Type                      Level
   a - Dazzling Spray                 Conjuration/Hexes            3
   b - Throw Icicle                   Conjuration/Ice              4
   c - Summon Horrible Things         Summoning                    8
 K - a Fen Folio
   (You found it on level 4 of the Lair of Beasts)
 R - a manual of Unarmed Combat
   (You found it on level 6 of the Lair of Beasts)
Comestibles
 e - 19 rations
 Q - 11 chunks of flesh


You were on level 2 of the Orcish Mines.
You worshipped Sif Muna.
Sif Muna was greatly pleased with you.
You were not hungry.

You visited 4 branches of the dungeon, and saw 18 of its levels.
You also visited: Labyrinth and Bailey.

You collected 1999 gold pieces.
You spent 1079 gold pieces at shops.

Dungeon Overview and Level Annotations

Branches:
Dungeon (9/15)             Temple (1/1) D:5            Lair (6/6) D:9
 Shoals (0/4) Lair:2       Spider (0/4) Lair:3        Slime (0/5) Lair:6
    Orc (2/2) D:9             Elf (0/3) Orc:2

Altars:
Ashenzari
Cheibriados
Dithmenos
Elyvilon
Fedhas
Hepliaklqana
Makhleb
Nemelex Xobeh
Qazlal
Ru
Sif Muna
Trog
Vehumet
Wu Jian
Xom
The Shining One
Beogh

Shops:
D:5 =   D:6 (   D:9 [:   Orc:1 =

Annotations:
D:5 exclusion: sky beast
Lair:3 2 transporters

#.............#)(...<...........#
#.>...###.....).((..............#
#.......#...........##.........##
.......###.........###........###
.....#####..........###........##
#...[)..#............##..........
#......).........................
##.).............................
##...........##@(...............
#####....#####.(.Y.....#.......
#....# ###(..####...#.... ###.##
#.Y#.####..##... .##
###(....#...##.. .
##(Y(.....####. #.)(#o....# ##
##.#).....## ###)o.o...#


You could see an orc warrior, an orc and 3 friendly ice beasts.

Notes
Turn   | Place    | Note
-------+----------+-------------------------------------------
     0 | D:1      | theanonym the Barachi Summoner began the quest for the Orb.
     0 | D:1      | Reached XP level 1. HP: 13/13 MP: 3/3
    82 | D:1      | Reached skill level 5 in Summonings
   121 | D:1      | HP: 6/13 [hobgoblin (3)]
   371 | D:1      | Reached XP level 2. HP: 16/19 MP: 5/5
   390 | D:1      | Learned a level 2 spell: Call Imp
   571 | D:1      | HP: 5/19 [kobold/short sword (5)]
   923 | D:1      | HP: 9/19 [rat (3)]
  1133 | D:1      | Reached XP level 3. HP: 24/24 MP: 6/6
  1288 | D:1      | Reached skill level 6 in Summonings
  2362 | D:3      | Reached XP level 4. HP: 30/30 MP: 1/7
  2378 | D:3      | Learned a level 4 spell: Summon Ice Beast
  2428 | D:3      | Found a sparkling altar of Nemelex Xobeh.
  3344 | D:4      | Reached skill level 1 in Ice Magic
  3510 | D:4      | Noticed a bullfrog
  3649 | D:4      | HP: 14/30 [bullfrog (7)]
  3654 | D:4      | Killed a bullfrog
  3654 | D:4      | Reached skill level 3 in Spellcasting
  3654 | D:4      | Reached skill level 2 in Ice Magic
  3654 | D:4      | Reached XP level 5. HP: 11/35 MP: 0/9
  4162 | D:4      | Reached skill level 3 in Ice Magic
  4348 | D:4      | Reached skill level 7 in Summonings
  4608 | D:4      | Found a shattered altar of Ashenzari.
  4685 | D:4      | Found a bloodstained altar of Trog.
  4778 | D:4      | Reached XP level 6. HP: 25/41 MP: 2/10
  5085 | D:4      | HP: 17/41 [orc priest/divine providence (12)]
  5590 | D:5      | Entered Level 5 of the Dungeon
  5590 | D:5      | Found a staircase to the Ecumenical Temple.
  5616 | D:5      | Reached skill level 4 in Ice Magic
  5621 | Temple   | Entered the Ecumenical Temple
  5649 | Temple   | Became a worshipper of Sif Muna the Loreminder
  5739 | D:5      | Noticed Prince Ribbit
  5757 | D:5      | Killed Prince Ribbit
  5757 | D:5      | Reached skill level 1 in Armour
  5839 | D:5      | Found Wuiz's Jewellery Boutique.
  5886 | D:5      | Reached XP level 7. HP: 30/46 MP: 8/11
  6054 | D:5      | Reached skill level 5 in Ice Magic
  6056 | D:5      | Reached skill level 2 in Armour
  7052 | D:6      | HP: 23/46 [poisoned by a worker ant]
  7059 | D:6      | HP: 22/46 [poisoned by a worker ant]
  7067 | D:6      | HP: 21/46 [poisoned by a worker ant]
  7304 | D:6      | Noticed Eustachio
  7325 | D:6      | Killed Eustachio
  7558 | D:6      | Found Jusoppou's Antique Weapon Boutique.
  7569 | D:6      | HP: 23/46 [adder (5)]
  7574 | D:6      | HP: 13/46 [poisoned by an adder]
  7579 | D:6      | HP: 10/46 [poisoned by an adder]
  7585 | D:6      | HP: 8/46 [poisoned by an adder]
  7592 | D:6      | HP: 7/46 [poisoned by an adder]
  7600 | D:6      | HP: 7/46 [poisoned by an adder]
  7865 | D:6      | Found a stormy altar of Qazlal.
  7875 | D:6      | Bought a trident for 98 gold pieces
  7923 | D:6      | Reached skill level 3 in Armour
  8201 | D:6      | Reached skill level 8 in Summonings
  8538 | D:7      | Identified the Catalogue of Toxic Necromancy
  8600 | D:6      | Reached skill level 6 in Ice Magic
  8716 | D:7      | Reached skill level 4 in Armour
  8716 | D:7      | Reached XP level 8. HP: 30/52 MP: 4/12
  8719 | D:6      | HP: 26/52 [scorpion (5)]
  8722 | D:6      | HP: 12/52 [scorpion (7)]
  8728 | D:6      | HP: 8/52 [poisoned by a scorpion]
  8734 | D:6      | HP: 6/52 [poisoned by a scorpion]
  8740 | D:6      | HP: 5/52 [poisoned by a scorpion]
  8748 | D:6      | HP: 4/52 [poisoned by a scorpion]
  9049 | D:7      | HP: 20/52 [ice beast (11)]
  9125 | D:7      | HP: 26/52 [bullfrog (2)]
  9125 | D:7      | Reached * piety under Sif Muna
  9324 | D:7      | Got an emerald-encrusted leather armour {4}
  9337 | D:7      | Identified the cursed +0 leather armour of Umeodaunt {+Blink rElec Int+4, 4} (You found it on level 7 of the Dungeon)
  9379 | D:7      | Reached skill level 3 in Dodging
  9609 | D:7      | Reached skill level 4 in Spellcasting
  9609 | D:7      | Reached skill level 9 in Summonings
  9931 | D:7      | Reached skill level 4 in Dodging
 10131 | D:7      | HP: 17/52 [something/magic dart (11)]
 10755 | D:8      | Noticed a queen bee
 10772 | D:8      | Killed a queen bee
 10775 | D:8      | HP: 37/78 [killer bee (5)]
 10775 | D:8      | Reached skill level 5 in Dodging
 10780 | D:8      | HP: 24/78 [poisoned by a killer bee]
 10782 | D:8      | Reached XP level 9. HP: 16/57 MP: 0/15
 10787 | D:8      | HP: 16/85 [poisoned by a killer bee]
 10792 | D:8      | HP: 3/57 [killer bee (7)]
 10799 | D:8      | Reached skill level 10 in Summonings
 10811 | D:8      | HP: 28/57 [killer bee (2)]
 10811 | D:8      | Reached ** piety under Sif Muna
 10817 | D:8      | HP: 25/57 [poisoned by a killer bee]
 10822 | D:8      | HP: 23/57 [poisoned by a killer bee]
 10829 | D:8      | HP: 22/57 [poisoned by a killer bee]
 10837 | D:8      | HP: 22/57 [poisoned by a killer bee]
 10889 | D:8      | Reached skill level 1 in Fighting
 10889 | D:8      | Reached skill level 5 in Armour
 11372 | D:8      | Reached skill level 2 in Fighting
 11564 | D:8      | Reached skill level 3 in Fighting
 11615 | D:8      | Reached skill level 5 in Spellcasting
 11621 | D:8      | Learned a level 4 spell: Summon Lightning Spire
 11789 | D:8      | Reached skill level 1 in Air Magic
 12060 | D:9      | Found a staircase to the Lair.
 12060 | D:9      | Found Bivarroere's Armour Shoppe.
 12078 | D:9      | Bought a +1 helmet of intelligence for 231 gold pieces
 12092 | D:9      | Found a flagged portal.
 12113 | Bailey   | Entered a bailey
 12171 | Bailey   | Noticed an orc high priest
 12175 | Bailey   | Noticed an orange demon
 12177 | Bailey   | Noticed a kobold demonologist
 12179 | Bailey   | Noticed a hellwing
 12184 | Bailey   | Noticed a hellwing
 12197 | Bailey   | Noticed a hellwing
 12197 | Bailey   | Noticed a sun demon
 12209 | Bailey   | HP: 20/64 [sun demon[an orc high priest] (21)]
 12209 | Bailey   | HP: 2/64 [sun demon[an orc high priest] (18)]
 12282 | D:9      | HP: 17/64 [big kobold/stone (1)]
 12576 | D:9      | Reached skill level 2 in Air Magic
 12577 | D:9      | HP: 32/65 [yak (13)]
 12579 | D:9      | Reached skill level 4 in Fighting
 12820 | D:9      | theanonym: ??summon lightning spire
 12820 | D:9      | beem: summon lightning spire[1/1]: L4 Summ/Air found in the Book of Callings. Summons a lightning spire (targeted, with range 2).
 12851 | D:9      | Found a staircase to the Orcish Mines.
 12921 | D:9      | Noticed a manticore
 12924 | D:9      | Reached skill level 3 in Air Magic
 12935 | D:9      | HP: 28/65 [manticore/volley of spikes (8)]
 12936 | D:9      | Killed a manticore
 12958 | D:9      | HP: 33/66 [orc wizard/magic dart (1)]
 13123 | D:9      | Found Ufaharer's Book Boutique.
 13155 | D:9      | Reached skill level 7 in Ice Magic
 13155 | D:9      | Reached skill level 4 in Air Magic
 13164 | D:9      | theanonym: !lg * win god=lugond s=crace
 13164 | D:9      | beem: No games for * (win god=lugond).
 13164 | D:9      | theanonym: !lg * win god=lugon s=crace
 13164 | D:9      | beem: 1706 games for * (win god=lugon): 290x Demonspawn, 192x Formicid, 142x Hill Orc, 110x Minotaur, 90x Merfolk, 70x Ogre, 64x Draconian, 51x Ghoul, 50x Vine Stalker, 49x Kobold, 49x Spriggan, 49x Troll, 48x Gargoyle, 48x Halfling, 46x Naga, 43x Human, 41x Centaur, 37x Vampire, 35x Mummy, 32x High Elf, 30x Octopode, 27x Felid, 25x Tengu, 22x Deep Elf, 16x Deep Dwarf, 15x Mountain Dwarf, 11x Sludge E...
 13177 | D:9      | Found a white marble altar of Elyvilon.
 13196 | D:9      | Reached skill level 5 in Fighting
 13196 | D:9      | Reached *** piety under Sif Muna
 13357 | D:9      | Reached XP level 10. HP: 51/74 MP: 11/17
 13366 | D:9      | HP: 37/74 [poisoned by kobold (curare-tipped needle)]
 13373 | D:9      | HP: 37/74 [poisoned by kobold (curare-tipped needle)]
 13380 | D:9      | HP: 36/74 [poisoned by kobold (curare-tipped needle)]
 13498 | D:9      | Reached skill level 1 in Invocations
 13681 | D:8      | Found a hazy altar of Hepliaklqana.
 13711 | Orc:1    | Entered Level 1 of the Orcish Mines
 14051 | Orc:1    | HP: 29/76 [orc warrior/war axe (16)]
 14055 | Orc:1    | Reached skill level 6 in Fighting
 14055 | Orc:1    | Reached skill level 2 in Invocations
 14109 | Orc:1    | Reached skill level 8 in Ice Magic
 14286 | Orc:1    | HP: 32/76 [orc priest/divine providence (16)]
 14573 | Orc:1    | Noticed an orc knight
 14577 | Orc:1    | Found a roughly hewn altar of Beogh.
 14582 | Orc:1    | Killed an orc knight
 15047 | Orc:1    | Found Qexzyph's Jewellery Shop.
 15180 | Orc:1    | Noticed Erolcha
 15224 | Orc:1    | Killed Erolcha
 15224 | Orc:1    | Reached skill level 3 in Invocations
 15627 | Lair:1   | Entered Level 1 of the Lair of Beasts
 15645 | Lair:1   | Reached skill level 7 in Fighting
 15755 | Lair:1   | Noticed a spiny frog
 15763 | Lair:1   | HP: 38/79 [spiny frog (18)]
 15768 | Lair:1   | Killed a spiny frog
 15962 | Lair:1   | Noticed a four-headed hydra
 15968 | Lair:1   | Noticed a spiny frog
 15975 | Lair:1   | Killed a four-headed hydra
 15979 | Lair:1   | Reached skill level 4 in Invocations
 15988 | Lair:1   | Killed a spiny frog
 16135 | Lair:1   | Noticed a wolf spider
 16142 | Lair:1   | Killed a wolf spider
 16383 | Lair:1   | Reached skill level 6 in Spellcasting
 16425 | Lair:1   | Noticed a black mamba
 16433 | Lair:1   | Killed a black mamba
 16433 | Lair:1   | Reached skill level 8 in Fighting
 16950 | Lair:2   | theanonym: !lg . god=lugonu s=race,urune
 16950 | Lair:2   | beem: 31 games for theanonym (god=lugonu): 19x Formicid (14x 0, 2x 5, 2x 15, 3), 8x Human (7x 0, 1), 2x Felid (0, 4), 2x Spriggan (2x 0)
 16950 | Lair:2   | theanonym: !lg . god=lugonu s=race,urune win
 16950 | Lair:2   | beem: 5 games for theanonym (god=lugonu win): 4x Formicid (2x 5, 2x 15), Felid (4)
 17000 | Lair:2   | Reached XP level 11. HP: 80/86 MP: 16/20
 17324 | Lair:2   | Reached skill level 5 in Invocations
 17334 | Lair:2   | Reached **** piety under Sif Muna
 17577 | Lair:2   | Found a staircase to the Shoals.
 18497 | Lair:2   | Found the +8 whip "Snakebite" {curare, rPois}
 19211 | Lair:3   | Found a transporter.
 19211 | Lair:3   | Reached skill level 9 in Fighting
 19344 | Lair:3   | Found a hole to the Spider Nest.
 19348 | Lair:3   | Learned a level 2 spell: Blink
 19397 | Lair:3   | Reached skill level 1 in Maces & Flails
 19397 | Lair:3   | Reached skill level 7 in Spellcasting
 19426 | Lair:3   | HP: 44/89 [poisoned by a black mamba]
 19431 | Lair:3   | HP: 42/89 [poisoned by a black mamba]
 19437 | Lair:3   | HP: 41/89 [poisoned by a black mamba]
 19445 | Lair:3   | HP: 41/89 [poisoned by a black mamba]
 19453 | Lair:3   | HP: 41/89 [poisoned by a black mamba]
 19721 | Lair:3   | Reached skill level 1 in Translocations
 19737 | Lair:3   | Reached skill level 5 in Air Magic
 19776 | Lair:3   | Noticed a four-headed hydra
 20029 | Lair:3   | Reached skill level 2 in Translocations
 20055 | Lair:3   | HP: 33/89 [elephant (12)]
 20291 | Lair:3   | Reached skill level 1 in Polearms
 20291 | Lair:3   | Reached skill level 6 in Invocations
 20351 | Lair:3   | Reached skill level 2 in Polearms
 20351 | Lair:3   | Reached skill level 9 in Ice Magic
 20355 | Lair:3   | HP: 44/90 [four-headed hydra (10)]
 20356 | Lair:3   | Killed a four-headed hydra
 20363 | Lair:3   | HP: 42/90 [spiny frog (4)]
 20369 | Lair:3   | HP: 34/90 [blink frog (10)]
 20612 | Lair:3   | Reached skill level 10 in Fighting
 20715 | Lair:3   | Found a transporter.
 20716 | Lair:3   | Noticed a swamp dragon
 20716 | Lair:3   | Noticed a swamp dragon
 20716 | Lair:3   | Noticed a swamp dragon
 20716 | Lair:3   | Noticed a swamp dragon
 20717 | Lair:3   | Noticed a swamp dragon
 20729 | Lair:3   | Reached XP level 12. HP: 64/97 MP: 20/23
 20915 | Lair:3   | theanonym: !stats basu
 20969 | Lair:3   | beem: Starting stats for BaSu: Str 9 Int 15 Dex 12. Stat gain: sid/4
 21229 | Lair:3   | HP: 39/97 [black mamba (10)]
 21236 | Lair:3   | Reached skill level 3 in Polearms
 21239 | Lair:3   | HP: 36/97 [yak (10)]
 21258 | Lair:3   | HP: 35/97 [blink frog (7)]
 21418 | Orc:1    | Bought the ring of Ducsin {EV+4 Int+7} for 750 gold pieces
 21614 | Lair:3   | HP: 42/97 [elephant (9)]
 22367 | Lair:4   | Found a labyrinth entrance.
 22398 | Lair:4   | Learned a level 7 spell: Summon Hydra
 22404 | Lab      | Entered a labyrinth
 24196 | Lab      | Noticed a minotaur
 24217 | Lab      | Killed a minotaur
 24344 | Lair:4   | Reached skill level 8 in Spellcasting
 24344 | Lair:4   | HP: 48/97 [blink frog (17)]
 24663 | Lair:4   | Reached skill level 4 in Polearms
 24949 | Lair:4   | You fall through a shaft for 2 floors!
 24949 | Lair:6   | Entered Level 6 of the Lair of Beasts
 24949 | Lair:6   | Found a staircase to the Slime Pits.
 25028 | Lair:6   | HP: 47/97 [polar bear (8)]
 25030 | Lair:6   | Noticed a six-headed hydra
 25032 | Lair:6   | Reached skill level 11 in Summonings
 25039 | Lair:6   | HP: 30/97 [wolf (11)]
 25050 | Lair:6   | Noticed a five-headed hydra
 25052 | Lair:6   | HP: 33/97 [spiny frog[a boggart] (1)]
 25054 | Lair:6   | HP: 7/97 [dream sheep[a boggart] (12)]
 25058 | Lair:6   | HP: 3/97 [dream sheep[a boggart] (5)]
 25064 | Lair:6   | HP: 11/97 [water moccasin (8)]
 25422 | Lair:5   | Reached skill level 1 in Shields
 25443 | Lair:5   | HP: 37/97 [elephant (14)]
 25447 | Lair:5   | Reached ***** piety under Sif Muna
 25447 | Lair:5   | Reached skill level 2 in Shields
 25452 | Lair:5   | Identified Sif Muna's Handbook of Creative Arcane Weapons {god gift} (Sif Muna gifted it to you on level 5 of the Lair of Beasts)
 25452 | Lair:5   | Received a gift from Sif Muna
 26075 | Lair:5   | Got an ancient glaive
 26229 | Lair:5   | Reached skill level 12 in Summonings
 26245 | Lair:5   | Reached skill level 3 in Shields
 26479 | Lair:5   | Noticed a four-headed hydra
 26488 | Lair:5   | Killed a four-headed hydra
 26706 | Lair:5   | Reached skill level 4 in Shields
 27250 | Lair:6   | Reached skill level 13 in Summonings
 27250 | Lair:6   | Gained mutation: You can hop long distances. [Barachi growth]
 27250 | Lair:6   | Reached XP level 13. HP: 103/103 MP: 18/25
 27261 | Lair:6   | Learned a level 8 spell: Summon Horrible Things
 27633 | Lair:6   | Reached skill level 5 in Polearms
 27706 | Lair:6   | HP: 43/103 [polar bear (18)]
 27719 | Lair:6   | HP: 45/103 [spriggan rider/spear (1)]
 28220 | Lair:6   | Reached skill level 14 in Summonings
 28260 | Lair:6   | Reached skill level 6 in Polearms
 29322 | Orc:2    | Entered Level 2 of the Orcish Mines
 29511 | Orc:2    | Found a staircase to the Elven Halls.
 29639 | Orc:2    | HP: 48/103 [centaur warrior/arrow (22)]
 29650 | Orc:2    | HP: 38/103 [centaur warrior (13)]
 29666 | Orc:2    | HP: 22/103 [centaur/arrow (7)]
 29674 | Orc:2    | Shot with a bolt by an orc warrior

Vanquished Creatures
  A minotaur (Lab)
  Erolcha (Orc:1)
  2 lindwurms
  A wolf spider (Lair:1)
  2 elephants (Lair:3)
  2 spiny frogs
  A rime drake (Lair:2)
  2 komodo dragons
  A polar bear (Lair:5)
  2 blink frogs
  A yak (Lair:3)
  5 spriggans (Lair:6)
  A basilisk (Lair:3)
  A porcupine (Lair:5)
  2 water moccasins
  2 ice beasts
  An ogre (Orc:2)
  5 wolves (Lair:6)
  2 boggarts (Lair:6)
  A crocodile (Lair:6)
  2 bullfrogs
  A crimson imp (D:6)
  An orc priest (D:7)
  2 orc wizards
  A hound (D:7)
  3 bullfrog skeletons
  3 worker ants
  2 worker ant zombies (D:9)
  6 adders
  3 river rats (Lair:6)
  A shadow imp (D:5)
  An ooze (D:1)
  3 leopard geckos
  11 orcs
  2 ball pythons
  11 bats
  6 giant cockroaches
  5 goblins
  A hobgoblin (D:1)
  3 jackals
  10 kobolds
  4 quokkas
  5 frilled lizards
  A leopard gecko skeleton (D:7)
  6 rats
130 creatures vanquished.

Vanquished Creatures (collateral kills)
  5 hydras
  A centaur warrior (Orc:2)
  3 death yaks (Lair:6)
  An orc knight (Orc:1)
  7 oklob plants
  A manticore (D:9)
  A merfolk siren (Lair:2)
  12 black mambas
  14 elephants
  11 spiny frogs
  2 rime drakes (Lair:6)
  6 komodo dragons
  A queen bee (D:8)
  6 polar bears
  4 hornets (Lair:6)
  Prince Ribbit (D:5)
  18 blink frogs
  2 dream sheep (Lair:6)
  3 hippogriffs
  7 spriggans (Lair:6)
  15 yaks
  A wyvern (Lair:4)
  Eustachio (D:6)
  3 hungry ghosts
  3 basilisks
  2 wargs
  18 water moccasins
  11 porcupines
  A sky beast (D:7)
  16 orc warriors
  2 black bears (Lair:6)
  6 ogres
  27 wolves
  2 boggarts (Lair:6)
  6 centaurs
  11 crocodiles
  2 big kobolds (D:9)
  11 bullfrogs
  12 killer bees (D:8)
  4 scorpions
  2 electric eels
  A vampire bat (D:8)
  4 crimson imps
  A bullfrog zombie (D:5)
  A centaur zombie (D:7)
  A bullfrog skeleton (D:8)
  A quasit (D:9)
  13 orc priests
  A gnoll shaman (D:9)
  3 hounds
  18 orc wizards
  2 hell rats (Lair:6)
  An iguana (D:8)
  3 worker ants
  A hound zombie (D:9)
  10 gnolls
  6 river rats (Lair:6)
  15 adders
  A worm (D:2)
  A dart slug (D:2)
  3 leopard geckos
  44 orcs
  2 bats
  A goblin (D:3)
  6 hobgoblins
  2 jackals
  7 kobolds
  A frilled lizard (D:2)
  2 rats
  A butterfly (Lair:5)
  A fungus (Lair:2)
  5 plants
421 creatures vanquished.

Vanquished Creatures (others)
  A boggart (Lair:6)
  11 bushes (Lair:6)
  15 fungi
  74 plants
101 creatures vanquished.

Grand Total: 652 creatures vanquished

Table legend:
 A = Turns spent in this place as a percentage of turns spent in the entire game.
 B = Non-inter-level travel turns spent in this place as a percentage of non-inter-level travel turns spent in the entire game.
 C = Inter-level travel turns spent in this place as a percentage of turns spent in this place.
 D = Turns resting spent in this place as a percentage of non-inter-level travel turns spent in this place.
 E = Turns spent auto-exploring this place as a percentage of non-inter-level travel turns spent in this place.
 F = Non-inter-level travel turns spent in this place divided by the number of levels of this place that you've seen.
                   A       B       C       D       E      F
               +-------+-------+-------+-------+-------+----------------------
         Total | 100.0 | 100.0 |   5.7 |  41.1 |  34.0 | 1398.5
       Dungeon |  46.8 |  47.0 |   5.3 |  44.7 |  35.4 | 1460.0
        Temple |   0.2 |   0.1 |  40.8 |   0.0 |  65.5 |  29.0
          Lair |  38.3 |  37.9 |   6.7 |  41.5 |  38.6 | 1769.0
  Orcish Mines |   8.0 |   7.8 |   7.8 |  49.6 |  32.3 | 1090.5
     Labyrinth |   6.4 |   6.8 |   0.0 |   6.7 |   0.0 | 1906.0
        Bailey |   0.3 |   0.4 |   0.0 |  19.0 |  24.0 | 100.0
               +-------+-------+-------+-------+-------+----------------------
